 Dungeon Crawl Stone Soup version 0.18-a0-1643-gb89d9db (webtiles) character file.

51 Oddball22 the Insei (level 3, -6/30 HPs)
             Began as a Demonspawn Monk on Mar 28, 2016.
             Mangled by a gnoll
             ... wielding a +0 halberd
              (7 damage)
             ... on level 2 of the Dungeon.
             The game lasted 00:02:42 (1470 turns).

Oddball22 the Insei (Demonspawn Monk)               Turns: 1470, Time: 00:02:42

Health: -6/30      AC:  3    Str: 11    XL:     3   Next: 57%
Magic:  12/12      EV:  8    Int: 11    God:
Gold:   150        SH:  0    Dex: 16    Spells: 0 memorised, 2 levels left

rFire  . . .     SeeInvis .       - Unarmed
rCold  . . .     Gourm    .     a - +0 robe
rNeg   . . .     Faith    .     (no shield)
rPois  .         Spirit   .     (helmet restricted)
rElec  .         Dismiss  .     (no cloak)
rCorr  .         Reflect  .     (no gloves)
SustAt .         Harm     .     i - +0 pair of boots
MR     .....                    (no amulet)
Stlth  ++........               (no ring)
                                d - ring of magical power

@: not resistant to hostile enchantments, unstealthy
A: antennae 1, rot immunity
a: no special abilities


You were on level 2 of the Dungeon.
You were not hungry.

You visited 1 branch of the dungeon, and saw 2 of its levels.

You collected 150 gold pieces.

Inventory:

Armour
 a - a +0 robe (worn)
 i - a +0 pair of boots (worn)
Jewellery
 d - a ring of magical power (left hand)
Scrolls
 e - a scroll of amnesia {unknown}
 f - 2 scrolls of identify {unknown}
 h - a scroll of fear {unknown}
 j - a scroll of enchant weapon {unknown}
 k - a scroll of teleportation {unknown}
Potions
 g - a potion of beneficial mutation {unknown}
Comestibles
 b - a bread ration
 c - 4 chunks of flesh


   Skills:
 * Level 4.0 Fighting
 + Level 2.8 Dodging
 - Level 1.7 Stealth
 + Level 4.0 Unarmed Combat


You had 2 spell levels left.
You didn't know any spells.

Dungeon Overview and Level Annotations

Branches:
Dungeon (2/15)

Altars:
Cheibriados


Innate Abilities, Weirdness & Mutations

You have a pair of small antennae on your head.
You are immune to rotting.


Message History

The hobgoblin misses you. The gnoll completely misses you.
You closely miss the hobgoblin.
The hobgoblin is lightly wounded.
The hobgoblin hits you but does no damage.
You barely miss the hobgoblin.
The hobgoblin is lightly wounded.
The gnoll hits you from afar with a halberd.
You hit the hobgoblin.
The hobgoblin is almost dead.
The hobgoblin hits you but does no damage.
The gnoll hits you from afar with a halberd!
You completely miss the hobgoblin.
The hobgoblin is almost dead.
The hobgoblin hits you with a club.
The gnoll hits you from afar with a halberd!
* * * LOW HITPOINT WARNING * * *
There is a stone staircase leading up here.
The hobgoblin hits you but does no damage.
The gnoll hits you from afar with a halberd!
You die...

####.##[.##....#.##
...#)###'#..##g##.#
#.##.##....###.##.#
#.'...#...####g##.####.#
#.##.##................#
#..###..####.####.######
##.....## #.# #g#
####### ###.####g#
#......@.#######
#.#.####.......# #.#
#.#####.. #.# #.# #....#
#......# #......#
##...... ##...##


You could see a gnoll and a hobgoblin.

Vanquished Creatures
  An adder (D:2)
  A worm (D:2)
  A giant gecko (D:2)
  A giant cockroach (D:1)
  5 goblins
  5 hobgoblins (D:1)
  5 kobolds
  A quokka (D:2)
  7 bats
  4 giant newts
  6 rats
37 creatures vanquished.

Notes
Turn   | Place    | Note
--------------------------------------------------------------
     0 | D:1      | Oddball22 the Demonspawn Monk began the quest for the Orb.
     0 | D:1      | Reached XP level 1. HP: 18/18 MP: 1/1
   368 | D:1      | Gained mutation: You are immune to rotting. [demonic ancestry]
   368 | D:1      | Reached XP level 2. HP: 24/24 MP: 2/2
  1050 | D:2      | Gained mutation: You have a pair of small antennae on your head. [demonic ancestry]
  1050 | D:2      | Reached XP level 3. HP: 15/30 MP: 3/3
  1221 | D:2      | Found a snail-covered altar of Cheibriados.
  1463 | D:2      | HP: 1/30 [gnoll/halberd (13)]
  1470 | D:2      | Mangled by a gnoll

Vault maps used:
D:1:      eino_arrival_cavern_a
D:2:      cheibriados_altar_1, grunt_ministairs_7, minmay_joined_circles

Skill      XL: |  1  2  3 |
---------------+----------+-----
Unarmed Combat | 4 |  4.0
Fighting       | 4 |  4.0
Dodging        | |  2.8
Stealth        | |  1.7

Action                   || total
-------------------------++-------
Melee: Unarmed           ||   118
 Stab: Sleeping          ||     3
  Eat: Chunk             ||     2
